 Dungeon Crawl Stone Soup version 0.28.0-53-g5a82cb258f (webtiles) character file.

Game seed: 7525097996978783228

81071 mortz the Fencer (level 15, -7/141 HPs)
             Began as a Hill Orc Fighter on July 1, 2022.
             Was an Initiate of Gozag.
             Mangled by a sixfirhy (9 damage)
             ... summoned by an orc high priest
             ... on level 2 of the Orcish Mines on July 2, 2022.
             The game lasted 02:42:03 (22355 turns).

mortz the Fencer (Hill Orc Fighter)                Turns: 22355, Time: 02:42:04

Health: -7/141     AC: 25    Str: 35    XL:     15   Next: 69%
Magic:  15/15      EV:  8    Int:  8    God:    Gozag
Gold:   6929       SH: 18    Dex: 10    Spells: 14/14 levels left

rFire   + . .      SeeInvis +   a - +10 scimitar "Zykyntimol" {vamp, Fly, long}
rCold   + + +      Faith    .   W - +1 tower shield
rNeg    . . .      Spirit   .   X - +0 plate armour {rC+}
rPois   .          Reflect  .   J - +1 helmet {SInv}
rElec   .          Harm     .   I - +1 cloak of the End {rCorr}
rCorr   +          Rampage  .   G - +2 pair of gloves
Will    +....                   c - +0 pair of boots "Naiva" {rC+ Str+4}
Stlth   ..........              x - amulet of Ripleizi {Regen+ rCorr}
HPRegen 1.13/turn               l - ring of protection from cold
MPRegen 0.14/turn               t - +6 ring of strength

@: flying
A: dopey 1, fire resistance 1
a: Renounce Religion, Potion Petition, Call Merchant, Bribe Branch


You were on level 2 of the Orcish Mines.
You worshipped Gozag.
Gozag was greatly pleased with you.
You visited 4 branches of the dungeon, and saw 22 of its levels.
You also visited: Ice Cave.

You collected 7560 gold pieces.
You spent 585 gold pieces at shops.
You paid 46 gold pieces to Gozag.


Innate Abilities, Weirdness & Mutations

You are dopey. (Int -2)
Your flesh is heat resistant. (rF+)


   Skills:
 + Level 15.0 Fighting
 - Level 0.9(9.1) Short Blades
 - Level 15.2(15.3) Long Blades
 + Level 1.0 Maces & Flails
 + Level 2.3 Polearms
 + Level 7.1 Throwing
 + Level 11.0 Armour
 + Level 7.8 Dodging
 + Level 4.7 Stealth
 + Level 13.8 Shields
 + Level 2.4 Evocations


You had 14 spell levels left.
You didn't know any spells.
Your spell library contained the following spells:

 Spells                   Type           Power      Damage    Failure   Level
 Animate Skeleton         Necr           0%         N/A       100%        1
 Apportation              Tloc           0%         N/A       100%        1
 Magic Dart               Conj           0%         1d3       100%        1
 Summon Small Mammal      Summ           0%         N/A       100%        1
 Blink                    Tloc           0%         N/A       100%        2
 Searing Ray              Conj           0%         2d4       100%        2
 Ignite Poison            Fire/Tmut/Pois 0%         N/A       100%        3
 Lesser Beckoning         Tloc           0%         N/A       100%        3
 Mephitic Cloud           Conj/Pois/Air  0%         N/A       100%        3
 Portal Projectile        Hex/Tloc       0%         N/A       100%        3
 Fulminant Prism          Conj/Hex       0%         3d6       100%        4
 Alistair's Intoxication  Tmut/Pois      0%         N/A       100%        5
 Blade Hands              Tmut           0%         N/A       100%        5
 Excruciating Wounds      Necr           0%         N/A       100%        5
 Freezing Cloud           Conj/Ice/Air   0%         6-21      100%        5
 Manifold Assault         Tloc           0%         N/A       100%        5
 Summon Forest            Summ/Tloc      0%         N/A       100%        5
 Eringya's Noxious Bog    Tmut/Pois      0%         N/A       100%        6
 Simulacrum               Ice/Necr       0%         N/A       100%        6
 Summon Hydra             Summ           0%         N/A       100%        7
 Polar Vortex             Ice            0%         N/A       100%        9

Inventory:

Hand Weapons
 a - the +10 scimitar "Zykyntimol" (weapon) {vamp, Fly, long}
   (You found it on level 3 of the Dungeon)

   It occasionally heals its wielder for a portion of the damage dealt when it
   wounds a living foe.
   Fly:       It grants you flight.
 e - a +5 scimitar of flaming {long}
   (You took it off Erica on level 9 of the Dungeon)
 N - the +3 trident of Anxiety {vorpal, rF+ Str+4 Int+6, polearm}
   (You found it on level 12 of the Dungeon)

   It inflicts extra damage upon your enemies.
   Str:       It affects your strength (+4).
   Int:       It affects your intelligence (+6).
   rF:        It protects you from fire.
 Y - a +7 flail of holy wrath {mace}
   (You took it off Harold on level 9 of the Dungeon)
Missiles
 o - 20 poisoned darts (quivered) {throwing}
 z - 3 curare-tipped darts {=fthrowing}
 L - 20 boomerangs {throwing}
Armour
 c - the +0 pair of boots "Naiva" (worn) {rC+ Str+4}
   (You acquired it on level 10 of the Dungeon)

   Str:       It affects your strength (+4).
   rC:        It protects you from cold.
 G - a +2 pair of gloves (worn)
   (You found it on level 5 of the Dungeon)
 I - the +1 cloak of the End (worn) {rCorr}
   (You acquired it on level 10 of the Dungeon)

   rCorr:     It protects you from acid and corrosion.
 J - a +1 helmet of see invisible (worn)
   (You found it in an ice cave)
 S - +0 swamp dragon scales
   (You took it off Maggie on level 8 of the Dungeon)
 W - a +1 tower shield (worn)
   (You found it on level 9 of the Dungeon)
 X - a +0 plate armour of cold resistance (worn)
   (You found it in an ice cave)
Jewellery
 l - a ring of protection from cold (left hand)
   (You found it on level 9 of the Dungeon)
 t - a +6 ring of strength (right hand)
   (You found it on level 4 of the Lair of Beasts)
 x - the amulet of Ripleizi (around neck) {Regen+ rCorr}
   (You found it on level 6 of the Lair of Beasts)

   [amulet of regeneration]

   Regen:     It increases your rate of health regeneration.
   rCorr:     It protects you from acid and corrosion.
 K - a ring of willpower
   (You found it on level 6 of the Dungeon)
 M - the ring "Rugujo Wibb" {rF+ EV+4 Int-4 Dex+3}
   (You found it on level 6 of the Dungeon)

   [ring of evasion]

   EV:        It affects your evasion (+4).
   Int:       It affects your intelligence (-4).
   Dex:       It affects your dexterity (+3).
   rF:        It protects you from fire.
Wands
 b - a wand of iceblast (6)
   (You found it on level 9 of the Dungeon)
 r - a wand of mindburst (16)
   (You found it on level 2 of the Dungeon)
 u - a wand of digging (4)
   (You found it on level 7 of the Dungeon)
 A - a wand of polymorph (14)
   (You found it on level 4 of the Dungeon)
 Q - a wand of flame (52)
   (You found it on level 8 of the Dungeon)
 T - a wand of acid (5)
   (You found it on level 9 of the Dungeon)
 Z - a wand of paralysis (8)
   (You took it off Joseph on level 9 of the Dungeon)
Scrolls
 g - 4 scrolls of blinking {!r}
 h - 2 scrolls of holy word
 i - 2 scrolls of immolation {!r!r}
 j - 7 scrolls of teleportation {@r4}
 k - 4 scrolls of amnesia
 n - 2 scrolls of fog
 p - a scroll of silence {!r}
 q - a scroll of brand weapon
 D - 3 scrolls of magic mapping {!r}
 E - 3 scrolls of identify {@r1}
 F - a scroll of fear
 H - 2 scrolls of summoning
Potions
 d - 4 potions of might
 f - 8 potions of curing {@q1}
 m - 6 potions of invisibility
 s - 5 potions of attraction {!q}
 v - 4 potions of cancellation
 w - a potion of heal wounds {@q2}
 y - 8 potions of flight
 B - 5 potions of resistance
 C - 2 potions of lignification {!q}
 O - 5 potions of haste {@q3}
 R - a potion of ambrosia
 U - 2 potions of mutation {!q}
 V - a potion of berserk rage {!q}
Miscellaneous
 P - a condenser vane
   (You found it on level 5 of the Lair of Beasts)

Dungeon Overview and Level Annotations

Branches:
Dungeon (13/15)            Temple (1/1) D:4            Lair (6/6) D:10
  Swamp (0/4) Lair:2       Spider (0/4) Lair:3        Slime (0/5) Lair:6
    Orc (2/2) D:9             Elf (0/3) Orc:2        Vaults (0/5) D:13
  IceCv (visited)

Altars:
Ashenzari
Cheibriados
Dithmenos
Elyvilon
Fedhas
Gozag
Hepliaklqana
Kikubaaqudgha
Makhleb
Nemelex Xobeh
Okawaru
Qazlal
Ru
Sif Muna
Trog
Uskayaw
Vehumet
Wu Jian
Xom
Yredelemnul
Zin
The Shining One
Beogh

Shops:
D:13 *   Orc:1 [?(

Annotations:
Lair:3 2 transporters, Kazon's ghost, journeyman DgFi

#......## ##......## .
##.......# #........# .###
#.......####.....>.#
...####........#.............
...##........................
#........##..........##......
##.....#####.........## .....
#........###..........##.....
.....)...#.#....@.....#......
.....#).).....).#3...........
.##.##)#).......#........#.
.#####.#.......####.....## .#
###....#.## ##))..## .#
#...#### #).)#..# ##
##...#######3)#.## #
##.##.##..#.o..#
###......)#)3.#


You could see a sixfirhy (summoned).


Message History

The orc high priest calls upon Beogh to heal the orc warrior.
The orc warrior is healed somewhat. 😨 HP[+1]
The orc high priest no longer looks unusually strong. 😨 HP[+1] 😨 HP[+1]
You block the sixfirhy's attack.
The orc high priest mumbles some strange prayers to Beogh. 😨 HP[+1]
The sixfirhy hits you but does no damage.
The sixfirhy closely misses you. 😨 HP[+2]
You regained 2 hp, and now have 63/141 hp.
The orc knight roars a battlecry!
The orc high priest goes into a battle-frenzy! 😨 HP[+1] 😨 HP[+1]
You block the sixfirhy's attack. The sixfirhy hits you.
* * * LOW HITPOINT WARNING * * *
The sixfirhy shocks you!
* * * LOW HITPOINT WARNING * * *
You block the sixfirhy's attack.
The sixfirhy barely misses you. 😨 HP[-9]
You take 9 damage, and now have 56/141 hp.
You block the sixfirhy's attack.
The sixfirhy hits you but does no damage.
The sixfirhy hits you.
* * * LOW HITPOINT WARNING * * *
The sixfirhy shocks you!
* * * LOW HITPOINT WARNING * * *
😨 HP[-14]
You take 14 damage, and now have 42/141 hp. 😨 HP[+1]
The orc high priest says, "The wrath of Beogh will be yours." 😨 HP[+1]
The sixfirhy hits you.
* * * LOW HITPOINT WARNING * * *
The sixfirhy shocks you!
* * * LOW HITPOINT WARNING * * *
The sixfirhy barely misses you. You block the sixfirhy's attack. x2
The orc high priest calls upon Beogh to heal the orc warrior.
The orc warrior is healed somewhat.
The sixfirhy barely misses you. 😱 HP[-11]
You take 11 damage, and now have 33/141 hp.
You block the sixfirhy's attack. x3
The sixfirhy hits you but does no damage.
The orc knight roars a battlecry! 😱 HP[+1]
The sixfirhy disappears in a puff of smoke! 😱 HP[+1]
The orc high priest mumbles some strange prayers to Beogh. 😨 HP[+1]
You block the sixfirhy's attack. x3
The orc high priest utters an invocation to Beogh. 😨 HP[+1]
The sixfirhy hits you but does no damage. 😨 HP[+1]
The orc warrior throws a boomerang.
The boomerang barely misses you.
The orc high priest calls upon Beogh to heal the orc warrior.
The orc warrior's wounds heal themselves!
The smoke demon gestures at you. Beogh smites you!
* * * LOW HITPOINT WARNING * * *
😱 HP[-11]
You take 11 damage, and now have 27/141 hp. 😱 HP[+1]
The sixfirhy hits you but does no damage.
You block the sixfirhy's attack.
The sixfirhy hits you but does no damage.
You see here a +0 giant club {mace}. 😱 HP[+2]
You regained 2 hp, and now have 30/141 hp.
The orc warrior no longer looks unusually strong.
The sixfirhy hits you but does no damage. 😱 HP[+1]
You see here a +0 flail {mace}. 😱 HP[+1] 😱 HP[+1]
You block the sixfirhy's attack. The sixfirhy hits you!
* * * LOW HITPOINT WARNING * * *
The sixfirhy shocks you!
* * * LOW HITPOINT WARNING * * *
The sixfirhy hits you but does no damage.
Things that are here:
a +0 dagger {short}; a +0 chain mail; a +0 dagger {short} 😱 HP[-18]
You take 18 damage, and now have 15/141 hp.
You block the sixfirhy's attack. 😱 HP[+1] 😱 HP[+1] 😱 HP[+1]
The sixfirhy hits you.
* * * LOW HITPOINT WARNING * * *
The sixfirhy shocks you!
* * * LOW HITPOINT WARNING * * *
The sixfirhy hits you.
* * * LOW HITPOINT WARNING * * *
The sixfirhy shocks you!
You die...
Your body crumbles into a pile of gold.

Skill      XL: |  1  2  3  4  5  6  7  8  9 10 11 12 13 14 15 |
---------------+----------------------------------------------+-----
Long Blades    | 3 4 5 7 9 11 14 15 | 15.2
Fighting       | 4 5 6 7 9 11 12 14 15 | 15.0
Armour         | 4 5 6 7 8 9 10 11 | 11.0
Shields        | 4 5 7 8 10 12 13 | 13.8
Dodging        | 1 2 4 5 6 7 |  7.8
Throwing       | 1 2 4 5 6 7 |  7.1
Stealth        | 1 2 3 4 |  4.7
Evocations     | 1 2 |  2.4
Maces & Flails | 1 |  1.0
Polearms       | 1 2 |  2.3
Short Blades   | |  0.9

Action                   |  1- 3 |  4- 6 |  7- 9 | 10-12 | 13-15 || total
-------------------------+-------+-------+-------+-------+-------++-------
Melee: Long sword        |    80 |       |       |       |       ||    80
       Dagger            |    33 |    59 |       |       |       ||    92
       Scimitar          |       |    47 |   164 |   504 |  1107 ||  1822
       Flail             |       |       |       |     3 |       ||     3
       Unarmed           |       |       |       |       |     1 ||     1
       Trident           |       |       |       |       |   181 ||   181
Throw: Stone             |       |     7 |       |       |       ||     7
       Dart              |       |     5 |     4 |    15 |   124 ||   148
       Boomerang         |       |       |       |    33 |    14 ||    47
Evoke: Wand              |       |       |       |     7 |    29 ||    36
  Use: Scroll            |       |     5 |     2 |    19 |    14 ||    40
       Potion            |       |     1 |       |       |     1 ||     2
 Stab: Distracted        |       |       |       |     3 |     9 ||    12
       Sleeping          |       |       |       |       |     1 ||     1
Armor: Scale mail        |    44 |    30 |    43 |    26 |       ||   143
       Swamp dragon scal |       |       |       |   128 |   265 ||   393
       Plate armour      |       |       |       |       |   130 ||   130
Dodge: Dodged            |    37 |    27 |    55 |   224 |   343 ||   686
Block: Buckler           |    20 |    13 |    24 |    32 |       ||    89
       Tower shield      |       |       |       |   242 |   860 ||  1102

Levels and vault maps discovered:
D:1:      onia_arrival_handbag, layout_loops_cross, st_stairs_6
D:2:      layout_basic, minivault_26
D:3:      layout_rooms, chequers_ecumenical_altar_simple
D:4:      layout_loops_ring, grunt_dithmenos_smoke_and_mirrors, temple_hall,
          minmay_hedge_maze
D:5:      minmay_octagon_keep, layout_basic, minmay_misc_feat_iff, uniq_duvessa
D:6:      hellmonk_ruined_rings, layout_loops_ring, minivault_19
D:7:      layout_basic, minmay_lizard_king
D:8:      layout_loops_ring, uniq_prince_ribbit1, uniq_psyche, uniq_maggie
D:9:      layout_irregular_city, minmay_orc_entry_guard_dogs, uniq_erica,
          uniq_harold, uniq_joseph
D:10:     layout_big_octagon, lair_entry_dummy, minmay_puff
D:11:     layout_cave_pools, chequers_avenue, uniq_nergalle
D:12:     layout_loops_ring, portal_ice_cave_rime
D:13:     layout_cave_pools, skrybe_vaults_entry_preservation,
          nicolae_shop_gadgets
Temple:   minmay_crystal_snake_temple
Lair:1:   layout_hall_layers, gauntlet_entry_generic, serial_bayou_pond_b,
          lemuel_fruit_tree, serial_bayou_shore_b, grunt_megastairs_3,
          infiniplex_staircase_pool
Lair:2:   layout_long_grid, minmay_swamp_entry_worms, serial_bayou_shore_b
Lair:3:   layout_long_grid, spider_nest_entry_a, gammafunk_ghost_arena,
          serial_bayou_pond_d, nicolae_lair_grazing_beasts
          [nicolae_sub_lair_graze_edge, nicolae_sub_lair_graze_edge,
          nicolae_sub_lair_graze_edge, nicolae_sub_lair_graze_edge]
Lair:4:   pond_and_an_island_with_a_cottage, layout_regular_city,
          hangedman_lair_unloving_vines, serial_bayou_lagoon_a, uniq_kirke
Lair:5:   layout_loops_ring, lemuel_old_faithful, serial_bayou_shore_b
Lair:6:   due_jungle_book, layout_regular_city, dpeg_slime_entry_corner,
          grunt_megastairs_2
Orc:1:    layout_caves, basic_altar, serial_shops,
          nicolae_shop_bloodbath_and_beyond, nicolae_shop_hallway_plus, shop,
          minmay_orc_keep
Orc:2:    st_orc_pillars, layout_diamond_mine, basic_altar, uniq_sonja,
          uniq_maurice

Notes
Turn   | Place    | Note
-------+----------+-------------------------------------------
     0 | D:1      | mortz the Hill Orc Fighter began the quest for the Orb.
     0 | D:1      | Reached XP level 1. HP: 19/19 MP: 1/1
     0 | D:1      | magus.rc [v1.9.6]
   250 | D:1      | You fall into a shaft and drop 1 floor!
   258 | D:2      | Reached XP level 2. HP: 22/27 MP: 2/2
   350 | D:2      | Reached skill level 3 in Long Blades
   350 | D:2      | Reached XP level 3. HP: 13/33 MP: 3/3
  1132 | D:2      | Reached skill level 4 in Fighting
  1244 | D:2      | Reached XP level 4. HP: 23/40 MP: 4/4
  2189 | D:3      | Identified the +10 scimitar "Zykyntimol" {vamp, Fly}
  2253 | D:3      | Found a faded altar of an unknown god.
  2379 | D:3      | magus.rc [v1.9.6]
  2452 | D:4      | Noticed a scorpion
  2455 | D:4      | Killed a scorpion
  2456 | D:4      | Reached skill level 4 in Armour
  2456 | D:4      | Reached XP level 5. HP: 47/47 MP: 5/5
  2510 | D:4      | Reached skill level 4 in Shields
  2527 | D:4      | Reached skill level 4 in Long Blades
  2527 | D:4      | Reached XP level 6. HP: 50/53 MP: 6/6
  2567 | D:4      | Found a shadowy altar of Dithmenos.
  2916 | D:4      | Reached skill level 5 in Long Blades
  2916 | D:4      | Reached skill level 1 in Dodging
  3061 | D:4      | Reached skill level 1 in Throwing
  3306 | D:4      | Found a staircase to the Ecumenical Temple.
  3318 | Temple   | Entered the Ecumenical Temple
  3488 | Temple   | Became a worshipper of Gozag Ym Sagoz the Greedy
  3613 | D:5      | Entered Level 5 of the Dungeon
  3627 | D:5      | Noticed a sky beast
  3634 | D:5      | Killed a sky beast
  3635 | D:5      | Reached skill level 5 in Armour
  3635 | D:5      | Reached XP level 7. HP: 60/60 MP: 7/7
  3780 | D:5      | Reached skill level 6 in Long Blades
  3793 | D:5      | Reached skill level 5 in Fighting
  3978 | D:5      | Reached skill level 7 in Long Blades
  3978 | D:5      | Reached XP level 8. HP: 25/68 MP: 8/8
  4017 | D:5      | Identified the +4 battleaxe of the Equator {vorpal, Fragile
                  | rPois rC+}
  4310 | D:5      | Noticed Duvessa
  4310 | D:5      | Noticed Dowan
  4326 | D:5      | Killed Duvessa
  4327 | D:5      | Reached skill level 8 in Long Blades
  4334 | D:5      | Killed Dowan
  5178 | D:5      | Reached skill level 9 in Long Blades
  5178 | D:5      | Reached skill level 6 in Armour
  5290 | D:5      | Reached XP level 9. HP: 75/75 MP: 9/9
  5366 | D:6      | You pick up a book of Weapons and begin reading...
  5366 | D:6      | You add the spells Portal Projectile, Excruciating Wounds
                  | and Blade Hands to your library.
  5565 | D:6      | Reached skill level 6 in Fighting
  5565 | D:6      | Reached skill level 10 in Long Blades
  5821 | D:6      | Reached skill level 11 in Long Blades
  5823 | D:6      | Reached skill level 5 in Shields
  6031 | D:6      | Reached XP level 10. HP: 84/84 MP: 10/10
  6147 | D:6      | Identified the ring "Rugujo Wibb" {rF+ EV+4 Int-4 Dex+3}
  6577 | D:7      | Reached skill level 7 in Armour
  6601 | D:7      | Reached skill level 12 in Long Blades
  6801 | D:7      | Reached skill level 1 in Stealth
  7548 | D:8      | Noticed Maggie
  7562 | D:8      | Killed Maggie
  7563 | D:8      | Reached skill level 7 in Fighting
  7563 | D:8      | Reached skill level 13 in Long Blades
  7621 | D:8      | Noticed Prince Ribbit
  7626 | D:8      | Killed Prince Ribbit
  7626 | D:8      | Noticed Psyche
  7635 | D:8      | Killed Psyche
  7636 | D:8      | Reached skill level 2 in Dodging
  8225 | D:9      | Noticed Erica
  8372 | D:9      | Killed Erica
  8373 | D:9      | Reached skill level 14 in Long Blades
  8373 | D:9      | Reached XP level 11. HP: 89/92 MP: 11/11
  8624 | D:9      | Found a staircase to the Orcish Mines.
  8755 | D:9      | Noticed Harold
  8769 | D:9      | Killed Harold
  8770 | D:9      | Reached skill level 8 in Fighting
  8953 | D:9      | Noticed Joseph
  8963 | D:9      | Killed Joseph
  9153 | D:9      | magus.rc [v1.9.6]
  9162 | D:10     | Entered Level 10 of the Dungeon
  9162 | D:10     | Noticed a two-headed ogre
  9171 | D:10     | Killed a two-headed ogre
  9171 | D:10     | HP: 19/94 [something (23)]
  9176 | D:10     | Reached skill level 3 in Dodging
  9317 | D:9      | Reached skill level 1 in Evocations
  9356 | D:10     | Reached skill level 6 in Shields
  9593 | D:10     | Reached skill level 2 in Throwing
  9617 | D:10     | Reached skill level 2 in Stealth
  9758 | D:10     | Reached skill level 9 in Fighting
  9790 | D:10     | Found a staircase to the Lair.
  9877 | D:10     | Reached skill level 8 in Armour
  9991 | D:10     | Identified 2 scrolls of acquirement
  9991 | D:10     | Acquired the +1 cloak of the End {rCorr}
 10009 | D:10     | Acquired the +0 pair of boots "Naiva" {rC+ Str+4}
 10018 | Lair:1   | Entered Level 1 of the Lair of Beasts
 10069 | Lair:1   | Reached skill level 4 in Dodging
 10152 | Lair:1   | Reached skill level 7 in Shields
 10152 | Lair:1   | Reached XP level 12. HP: 101/104 MP: 12/12
 10240 | Lair:1   | Noticed a six-headed hydra
 10302 | Lair:1   | Noticed a seven-headed hydra
 10376 | D:10     | Killed a one-headed hydra
 10453 | Lair:1   | Killed a three-headed hydra
 10454 | Lair:1   | Reached skill level 15 in Long Blades
 11039 | Lair:2   | Found a staircase to the Swamp.
 11115 | Lair:2   | Reached skill level 1 in Maces & Flails
 11381 | Lair:2   | Reached skill level 10 in Fighting
 11731 | Lair:3   | Noticed a dire elephant
 11754 | Lair:3   | Reached skill level 3 in Throwing
 11766 | Lair:3   | Killed a dire elephant
 11767 | Lair:3   | Reached skill level 5 in Dodging
 11777 | Lair:3   | Reached skill level 8 in Shields
 11804 | Lair:3   | Noticed a catoblepas
 11817 | Lair:3   | Killed a catoblepas
 11818 | Lair:3   | Reached skill level 4 in Throwing
 11855 | Lair:3   | Found a transporter.
 11980 | Lair:3   | Found a hole to the Spider Nest.
 12055 | Lair:3   | Noticed Kazon's ghost (journeyman DgFi)
 12060 | Lair:3   | Found a transporter.
 12101 | Lair:3   | Noticed an eight-headed hydra
 12106 | Lair:3   | Killed a five-headed hydra
 12107 | Lair:3   | Reached skill level 11 in Fighting
 12107 | Lair:3   | Reached XP level 13. HP: 98/116 MP: 13/13
 12277 | Lair:3   | Reached skill level 3 in Stealth
 12711 | Lair:4   | You pick up a book of Spatial Translocations and begin
                  | reading...
 12711 | Lair:4   | You add the spells Blink, Lesser Beckoning and Manifold
                  | Assault to your library.
 12921 | Lair:4   | Reached skill level 6 in Dodging
 12944 | Lair:4   | Reached skill level 9 in Shields
 13014 | Lair:4   | Noticed Kirke
 13040 | Lair:4   | Noticed a sphinx
 13143 | Lair:3   | Reached skill level 9 in Armour
 13731 | Lair:3   | Killed Kirke
 13944 | Lair:4   | Reached skill level 5 in Throwing
 14116 | Lair:4   | You pick up a book of Ice and begin reading...
 14116 | Lair:4   | You add the spells Freezing Cloud, Simulacrum and Polar
                  | Vortex to your library.
 14313 | Lair:4   | Reached skill level 12 in Fighting
 14473 | Lair:5   | magus.rc [v1.9.6]
 14604 | Lair:5   | You add the spells Summon Forest, Eringya's Noxious Bog and
                  | Summon Hydra to your library.
 14751 | Lair:5   | Reached skill level 10 in Shields
 14975 | Lair:5   | You pick up a book of Party Tricks and begin reading...
 14975 | Lair:5   | You add the spells Apportation and Alistair's Intoxication
                  | to your library.
 15369 | Lair:6   | Entered Level 6 of the Lair of Beasts
 15508 | Lair:6   | Reached XP level 14. HP: 127/127 MP: 14/14
 15691 | Lair:5   | Reached skill level 13 in Fighting
 15746 | Lair:5   | Reached skill level 7 in Dodging
 15798 | Lair:6   | Reached skill level 11 in Shields
 16097 | Lair:6   | Reached skill level 4 in Stealth
 16177 | Lair:6   | Noticed a dire elephant
 16177 | Lair:6   | Noticed a dire elephant
 16177 | Lair:6   | Noticed a dire elephant
 16310 | Lair:6   | Found a staircase to the Slime Pits.
 16593 | Lair:6   | Reached skill level 10 in Armour
 16687 | Lair:6   | Killed a dire elephant
 16749 | Lair:6   | Killed a dire elephant
 16780 | Lair:6   | Killed a dire elephant
 17067 | Lair:6   | Reached skill level 12 in Shields
 17246 | Lair:6   | magus.rc [v1.9.6]
 17253 | Lair:6   | Gained mutation: Your flesh is heat resistant. (rF+) [a
                  | neqoxec]
 17258 | Lair:6   | Gained mutation: You are dopey. (Int -2) [a neqoxec]
 17262 | Lair:6   | Reached skill level 14 in Fighting
 17268 | Lair:6   | Identified the amulet of Ripleizi {Regen+ rCorr}
 17308 | Lair:6   | Identified the +1 arbalest of the Six Bones {elec, Str+4
                  | Int+2}
 17471 | D:11     | You add the spells Ignite Poison and Mephitic Cloud to your
                  | library.
 17633 | D:11     | Noticed Nergalle
 17641 | D:11     | Killed Nergalle
 17715 | D:11     | Reached skill level 6 in Throwing
 17742 | D:11     | You pick up a book of Conjurations {@e2} and begin
                  | reading...
 17742 | D:11     | You add the spells Magic Dart, Searing Ray and Fulminant
                  | Prism to your library.
 18048 | D:12     | Identified the +3 trident of Anxiety {vorpal, rF+ Str+4
                  | Int+6}
 18088 | D:12     | Found a frozen archway.
 18113 | IceCv    | Entered an ice cave
 18522 | IceCv    | Reached skill level 1 in Polearms
 18857 | IceCv    | HP: 29/132 [ice statue/shard of ice (20)]
 18862 | IceCv    | HP: 32/132 [ice statue] (2)]
 19030 | IceCv    | Reached skill level 2 in Evocations
 19220 | IceCv    | Noticed a reaper
 19234 | IceCv    | Killed a reaper
 19235 | IceCv    | Reached XP level 15. HP: 98/138 MP: 15/15
 19603 | IceCv    | magus.rc [v1.9.6]
 19669 | D:12     | Reached skill level 2 in Polearms
 19792 | D:12     | You pick up a book of Cantrips and begin reading...
 19792 | D:12     | You add the spells Animate Skeleton and Summon Small Mammal
                  | to your library.
 20273 | D:13     | Identified a +0 robe of the Archmagi
 20402 | D:13     | Found Kaock's Gadget Gallery.
 20423 | D:13     | Reached skill level 13 in Shields
 20861 | D:13     | Found a gate to the Vaults.
 20993 | Orc:1    | Entered Level 1 of the Orcish Mines
 20999 | Orc:1    | Found a roughly hewn altar of Beogh.
 21166 | Orc:1    | Found Pieted's Weapon Shop.
 21200 | Orc:1    | Found Ruenuod's Magic Scroll Shop.
 21219 | Orc:1    | Bought a scroll of blinking for 127 gold pieces
 21219 | Orc:1    | Bought a scroll of identify for 34 gold pieces
 21219 | Orc:1    | Bought a scroll of identify for 34 gold pieces
 21219 | Orc:1    | Bought a scroll of teleportation for 51 gold pieces
 21219 | Orc:1    | Bought a scroll of enchant weapon for 127 gold pieces
 21219 | Orc:1    | Bought a scroll of teleportation for 51 gold pieces
 21219 | Orc:1    | Bought a scroll of blinking for 127 gold pieces
 21219 | Orc:1    | Bought a scroll of identify for 34 gold pieces
 21288 | Orc:1    | Reached skill level 7 in Throwing
 21359 | Orc:1    | Found Reifunir's Antique Armour Shop.
 21629 | Orc:2    | Entered Level 2 of the Orcish Mines
 21658 | Orc:2    | Noticed Maurice
 21680 | Orc:2    | Killed Maurice
 21938 | Orc:2    | Found a staircase to the Elven Halls.
 21979 | Orc:2    | Noticed Sonja
 22005 | Orc:2    | Killed Sonja
 22190 | Orc:2    | Found a roughly hewn altar of Beogh.
 22306 | Orc:2    | Reached skill level 11 in Armour
 22316 | Orc:2    | Reached skill level 15 in Fighting
 22320 | Orc:2    | HP: 35/141 [sixfirhy[an orc high priest] (3)]
 22339 | Orc:2    | HP: 33/141 [sixfirhy[an orc high priest] (9)]
 22345 | Orc:2    | HP: 27/141 [smoke demon/divine providence[an orc high
                  | priest] (12)]
 22351 | Orc:2    | HP: 26/141 [sixfirhy[an orc high priest] (8)]
 22355 | Orc:2    | HP: 4/141 [sixfirhy[an orc high priest] (11)]
 22355 | Orc:2    | Mangled by a sixfirhy

Vanquished Creatures
  Kirke (Lair:3)
  A reaper (IceCv)
  4 dire elephants
  6 hydras
  Harold (D:9)
  2 boulder beetles
  A catoblepas (Lair:3)
  An ogre mage (Orc:1)
  Erica (D:9)
  A death knight (D:13)
  2 centaur warriors
  A death yak (Lair:6)
  6 two-headed ogres
  2 orc high priests (Orc:2)
  Sonja (Orc:2)
  Nergalle (D:11)
  A skeletal warrior (D:13)
  A spectral death yak (Lair:6)
  A lindwurm (Lair:3)
  A spectral anaconda (Lair:6)
  An obsidian statue (Lair:6)
  3 orc knights (Orc:2)
  4 necromancers
  An ugly thing (D:13)
  A manticore (D:11)
  2 orc sorcerers (Orc:2)
  2 cyclopes (D:13)
  2 deep elf pyromancers
  Maurice (Orc:2)
  Joseph (D:9)
  An ice statue (IceCv)
  A dire elephant zombie (Lair:6)
  19 elephants
  6 black mambas
  Maggie (D:8)
  A torpor snail (Lair:6)
  An unseen horror (D:10)
  A gargoyle (D:13)
  11 cane toads
  3 rime drakes
  An ice devil (IceCv)
  Psyche (D:8)
  A tengu conjurer (D:13)
  12 komodo dragons
  A yaktaur (shapeshifter) (D:13)
  An entropy weaver simulacrum (IceCv)
  An anaconda simulacrum (IceCv)
  3 trolls
  2 tyrant leeches (Lair:2)
  2 polar bears (Lair:5)
  5 blink frogs (Lair:3)
  Prince Ribbit (D:8)
  13 dream sheep
  A slime creature (D:13)
  7 wyverns
  5 wraiths
  A shadow (D:10)
  A dire elephant simulacrum (IceCv)
  65 yaks
  A vampire (D:10)
  4 hogs
  A basilisk (Lair:3)
  11 vampire mosquitoes
  2 death yak simulacra (Lair:6)
  A golden eye (shapeshifter) (D:13)
  2 steam dragons
  A harpy simulacrum (IceCv)
  4 wargs (D:9)
  A swamp worm (Lair:2)
  3 acid dragons
  A spectral cane toad (Lair:6)
  13 water moccasins
  Duvessa (D:5)
  An ice beast (D:7)
  A sky beast (D:5)
  2 elephant zombies (Lair:4)
  31 orc warriors
  A black bear (D:5)
  A necrophage (D:5)
  7 ogres
  12 wolves
  8 centaurs
  2 kobold brigands (D:10)
  10 bullfrogs
  2 komodo dragon zombies (Lair:4)
  8 two-headed ogre simulacra (IceCv)
  4 scorpions
  3 cane toad simulacra
  A water moccasin skeleton (D:4)
  Dowan (D:5)
  4 elephant simulacra
  10 killer bees
  8 wights
  5 electric eels
  3 centaur zombies
  3 howler monkeys
  2 jellies
  A bullfrog zombie (D:6)
  A centaur skeleton (D:6)
  2 gnoll shamans (D:5)
  24 orc priests
  6 hounds
  4 iguanas
  21 orc wizards
  A polar bear simulacrum (IceCv)
  7 troll simulacra (IceCv)
  7 spriggan simulacra (IceCv)
  A killer bee zombie (D:7)
  3 wolf simulacra (IceCv)
  A hound skeleton (D:5)
  A howler monkey zombie (D:9)
  13 gnolls
  2 howler monkey skeletons
  5 adders
  3 naga simulacra (IceCv)
  13 white imps
  2 ufetubi
  A worm (D:3)
  2 dart slugs
  76 orcs
  2 bats (D:2)
  4 endoplasms
  5 giant cockroaches
  3 goblins
  6 hobgoblins
  4 quokkas
  6 ball pythons
  6 frilled lizards
  12 kobolds
  11 rats
  A bush (D:4)
656 creatures vanquished.

Vanquished Creatures (others)
  A spectral elephant (Lair:6)
  22 fungi
  52 plants
  13 withered plants (Lair:6)
88 creatures vanquished.

Grand Total: 744 creatures vanquished

Table legend:
 A = Non-vault XP
 B = Vault XP
 C = Vault XP percentage of total XP
 D = Non-vault monster count
 E = Vault monster count
 F = Vault count percentage of total count
                 A         B        C        D         E       F
            +---------+---------+-------+---------+---------+-------
      Total |   70756 |   45060 |  38.9 |     450 |     206 |  31.4
            +---------+---------+-------+---------+---------+-------
        D:1 |      11 |       6 |  35.3 |       9 |       5 |  35.7
        D:2 |      84 |       0 |   0.0 |      24 |       0 |   0.0
        D:3 |      31 |       0 |   0.0 |       9 |       0 |   0.0
        D:4 |     462 |       0 |   0.0 |      16 |       0 |   0.0
        D:5 |     624 |    1320 |  67.9 |      18 |      19 |  51.4
        D:6 |    2236 |       0 |   0.0 |      24 |       0 |   0.0
        D:7 |     920 |     424 |  31.5 |      20 |       6 |  23.1
        D:8 |    1321 |    1046 |  44.2 |      30 |       3 |   9.1
        D:9 |    1935 |    2831 |  59.4 |      17 |       7 |  29.2
       D:10 |    4743 |     571 |  10.7 |      22 |       4 |  15.4
       D:11 |    2921 |     769 |  20.8 |       5 |       1 |  16.7
       D:12 |    4103 |     766 |  15.7 |      14 |       2 |  12.5
       D:13 |    7404 |    2698 |  26.7 |      21 |       8 |  27.6
     Lair:1 |    1460 |    1057 |  42.0 |       6 |       2 |  25.0
     Lair:2 |    2764 |     755 |  21.5 |      12 |       3 |  20.0
     Lair:3 |    7697 |    5322 |  40.9 |      27 |       8 |  22.9
     Lair:4 |    5545 |    1832 |  24.8 |      27 |       9 |  25.0
     Lair:5 |   11220 |     607 |   5.1 |      46 |       3 |   6.1
     Lair:6 |    6310 |   14718 |  70.0 |      20 |      31 |  60.8
      Orc:1 |    5435 |     139 |   2.5 |      41 |       9 |  18.0
      Orc:2 |    3530 |    5831 |  62.3 |      42 |      37 |  46.8
      IceCv |       0 |    4368 | 100.0 |       0 |      49 | 100.0
            +---------+---------+-------+---------+---------+-------

Illustrated notes

Table legend:
 A = Kills in this place as a percentage of kills in entire the game.
 B = Kills by you in this place as a percentage of kills by you in the entire game.
 C = Kills by friends in this place as a percentage of kills by friends in the entire game.
 D = Other kills in this place as a percentage of other kills in the entire game.
 E = Experience gained in this place as a percentage of experience gained in the entire game.
 F = Experience gained in this place divided by the number of levels of this place that you have seen.
                   A       B       C       D       E      F
               +-------+-------+-------+-------+-------+----------------------
         Total | 100.0 | 100.0 |   N/A | 100.0 | 100.0 | 5035.5
       Dungeon |  43.3 |  43.4 |   N/A |   0.0 |  32.1 | 2863.5
          Lair |  29.6 |  29.5 |   N/A | 100.0 |  51.2 | 9881.2
  Orcish Mines |  19.7 |  19.7 |   N/A |   0.0 |  12.9 | 7467.5
      Ice Cave |   7.5 |   7.5 |   N/A |   0.0 |   3.8 | 4368.0
               +-------+-------+-------+-------+-------+----------------------

Table legend: (Time is in decaauts)
 A = Elapsed time spent in this place.
 B = Non-inter-level travel time spent in this place.
 C = Inter-level travel time spent in this place.
 D = Time resting spent in this place.
 E = Time spent auto-exploring this place.
 F = Levels seen in this place.
 G = Mean time per level.
                   A        B        C        D        E       F      G
               +--------+--------+--------+--------+--------+-----+--------+
         Total |  22445 |  21582 |    863 |   2026 |  12724 |  23 |  975.9 |
       Dungeon |  12056 |  11543 |    513 |    727 |   7921 |  13 |  927.4 |
        Temple |    207 |    171 |     36 |      0 |     95 |   1 |  207.0 |
          Lair |   7272 |   6973 |    299 |    937 |   3761 |   6 | 1212.0 |
  Orcish Mines |   1338 |   1324 |     14 |     63 |    632 |   2 |  669.0 |
      Ice Cave |   1570 |   1570 |      0 |    299 |    315 |   1 | 1570.0 |
               +--------+--------+--------+--------+--------+-----+--------+

Top non-repeatable levels by time:
  Lair:6: 1795 daAuts
     D:5: 1621 daAuts
   IceCv: 1570 daAuts
     D:6: 1291 daAuts
  Lair:2: 1276 daAuts
  Lair:3: 1265 daAuts
     D:4: 1126 daAuts
  Lair:5: 1066 daAuts
  Lair:4: 1044 daAuts
     D:9: 1015 daAuts
     D:1: 955 daAuts
    D:10: 954 daAuts
     D:2: 924 daAuts
    D:12: 849 daAuts
  Lair:1: 825 daAuts
